 Dungeon Crawl Stone Soup version 0.25-a0-942-g87a53962fc (webtiles) character file.

Game seed: 1052734039756731439, levelgen mode: deterministic

1391 Flugslaktarn the Cleaver (level 8, -8/106 HPs)
             Began as a Minotaur Fighter on May 8, 2020.
             Was an Initiate of Gozag.
             Mangled by Harold
             ... wielding a +3 dire flail of protection
              (20 damage)
             ... on level 7 of the Dungeon.
             The game lasted 00:02:46 (4886 turns).

Flugslaktarn the Cleaver (Minotaur Fighter)         Turns: 4886, Time: 00:02:46

Health: -8/106     AC: 11    Str: 21    XL:     8   Next: 40%
Magic:  7/7        EV:  6    Int:  5    God:    Gozag
Gold:   259        SH: 10    Dex: 12    Spells: 7/7 levels left

rFire    . . .     SeeInvis .   a - +1 war axe
rCold    . . .     Gourm    .   c - +0 kite shield
rNeg     . . .     Faith    .   p - +1 chain mail
rPois    .         Spirit   .   (helmet restricted)
rElec    .         Reflect  .   (no cloak)
rCorr    .         Harm     .   (no gloves)
MR       .....                  (no boots)
Stlth    ..........             (no amulet)
HPRegen  0.27/turn              (no ring)
MPRegen  0.10/turn              (no ring)

@: berserking (expiring), lethally poisoned (-8 -> -19), marked, gold aura, very
quick
A: retaliatory headbutt, horns 2
a: Potion Petition, Call Merchant, Bribe Branch, Renounce Religion


You were on level 7 of the Dungeon.
You worshipped Gozag.
Gozag was aware of your devotion.
You were hungry.

You visited 2 branches of the dungeon, and saw 8 of its levels.

You collected 372 gold pieces.
You paid 113 gold pieces to Gozag.

Inventory:

Hand Weapons
 a - a +1 war axe (weapon)
Armour
 b - a +0 scale mail
 c - a +0 kite shield (worn)
 p - a +1 chain mail (worn)
   (You found it on level 3 of the Dungeon)
Jewellery
 j - an uncursed ring of resist corrosion {unknown}
   (You found it on level 1 of the Dungeon)
 A - an uncursed ring of ice {unknown}
   (You found it on level 6 of the Dungeon)
Wands
 v - a wand of digging (4)
   (You found it on level 5 of the Dungeon)
Scrolls
 g - a scroll of amnesia {unknown}
 k - a scroll of fog {unknown}
 t - 3 scrolls of teleportation
 y - 2 scrolls of magic mapping
Potions
 d - 2 potions of might
 f - 2 potions of flight
 h - a potion of haste
 i - a potion of invisibility
 m - a potion of berserk rage
 o - 2 potions of mutation
 q - 2 potions of curing
 w - 2 potions of heal wounds
Comestibles
 e - 4 rations


   Skills:
 + Level 6.6 Fighting
 * Level 8.2 Axes
 + Level 6.6 Armour
 + Level 6.5 Shields


You had 7 spell levels left.
You didn't know any spells.
Your spell library was empty.

Dungeon Overview and Level Annotations

Branches:
Dungeon (7/15)             Temple (1/1) D:6

Altars:
Ashenzari
Dithmenos
Elyvilon
Gozag
Makhleb
Nemelex Xobeh
Ru
Sif Muna
Trog
Vehumet
The Shining One

Annotations:
D:7 Harold


Innate Abilities, Weirdness & Mutations

You reflexively headbutt those who attack you in melee.
You have a pair of horns on your head.


Message History

You slash the killer bee!
You feel sick. You block the killer bee's attack.
The killer bee stings you but does no damage.
You hit Harold.
Harold is heavily wounded.
You miss the killer bee.
You feel sick. You block the killer bee's attack.
Harold hits you with a +3 dire flail of protection!
* * * LOW HITPOINT WARNING * * *
You are too injured to fight recklessly!
You are too injured to fight recklessly!
You are too injured to fight recklessly!
Unknown command.
You slash Harold! Your headbutt misses Harold.
Harold is heavily wounded.
You miss the killer bee.
You feel sick. The killer bee stings you.
* * * LOW HITPOINT WARNING * * *
The killer bee stings you.
* * * LOW HITPOINT WARNING * * *
Harold hits you with a +3 dire flail of protection!!
You die...
Your body crumbles into a pile of gold.

............#.#.#.#
!.....!.... #.#<#.#
.......... #.#.#.#
#........ #.#.#.#
.##.....# #.#.#.#
......yy#####.#...#
.......h@y..y.....#
........####@$#...#
........##.@yy..#.#
.(......##.######(#
........##.#....#.#
....%...##.#.##.#.#
........##.#......#
##...## #.####.###
#...(..# ########


You could see Harold and 3 killer bees.

Vanquished Creatures
  Grinder (D:5)
  A phantom (D:4)
  A centaur (D:5)
  A bullfrog (D:7)
  A scorpion (D:5)
  2 killer bees (D:7)
  A crimson imp (D:5)
  A bullfrog zombie (D:5)
  A gnoll shaman (D:4)
  4 hounds
  2 bullfrog skeletons
  3 orc priests
  4 orc wizards
  Natasha (thrice) (D:4)
  2 worker ants
  2 hound zombies (D:5)
  A worker ant zombie (D:5)
  5 adders
  4 gnolls (D:4)
  An adder zombie (D:5)
  9 worms
  2 leopard geckos
  11 orcs
  4 giant cockroaches
  4 goblins
  7 hobgoblins
  3 jackals (D:5)
  4 quokkas
  4 bats
  4 frilled lizards
  3 kobolds
  7 rats
103 creatures vanquished.

Notes
Turn   | Place    | Note
-------+----------+-------------------------------------------
     0 | D:1      | Flugslaktarn the Minotaur Fighter began the quest for the
                  | Orb.
     0 | D:1      | Reached XP level 1. HP: 19/19 MP: 0/0
   349 | D:1      | Reached XP level 2. HP: 26/27 MP: 1/1
   465 | D:1      | Reached skill level 3 in Axes
   753 | D:2      | Found a faded altar of an unknown god.
   760 | D:2      | Reached XP level 3. HP: 33/33 MP: 2/2
   909 | D:2      | Found a white marble altar of Elyvilon.
  1079 | D:2      | Reached XP level 4. HP: 28/40 MP: 3/3
  1080 | D:2      | Reached skill level 4 in Axes
  1084 | D:2      | Reached XP level 5. HP: 8/47 MP: 4/4
  1823 | D:3      | Found a shimmering blue altar of Sif Muna.
  1826 | D:3      | Found a radiant altar of Vehumet.
  2356 | D:4      | Noticed a phantom
  2382 | D:4      | Killed a phantom
  2382 | D:4      | Reached skill level 5 in Axes
  2382 | D:4      | Reached XP level 6. HP: 49/55 MP: 5/5
  2480 | D:4      | Reached skill level 5 in Fighting
  2500 | D:4      | Noticed Natasha
  2509 | D:4      | Killed Natasha
  2509 | D:4      | Reached skill level 5 in Armour
  2509 | D:4      | Reached skill level 5 in Shields
  2517 | D:4      | Noticed Natasha
  2524 | D:4      | Killed Natasha
  2737 | D:4      | Noticed Natasha
  2743 | D:4      | Killed Natasha
  2743 | D:4      | Reached skill level 6 in Axes
  2766 | D:4      | Reached XP level 7. HP: 58/61 MP: 6/6
  2841 | D:5      | Entered Level 5 of the Dungeon
  3209 | D:5      | Reached skill level 7 in Axes
  3793 | D:5      | Noticed Grinder
  3814 | D:5      | Killed Grinder
  3814 | D:5      | Reached XP level 8. HP: 43/71 MP: 7/7
  4407 | D:6      | Found a sparkling altar of Nemelex Xobeh.
  4502 | D:6      | Found a staircase to the Ecumenical Temple.
  4699 | Temple   | Entered the Ecumenical Temple
  4737 | Temple   | Became a worshipper of Gozag Ym Sagoz the Greedy
  4861 | D:7      | Noticed Harold
  4874 | D:7      | Reached skill level 8 in Axes
  4886 | D:7      | Mangled by Harold

Levels and vault maps discovered:
D:1:      wander_arrival_estate, layout_basic
D:2:      layout_basic, lemuel_doored_altar, chequers_ecumenical_altar_simple,
          nrook_mini_vaults
D:3:      layout_loops_ring, minitemple, first_ration, portal_sewer_entry_e
D:4:      layout_rooms, uniq_natasha
D:5:      layout_cave_pods, uniq_grinder
D:6:      layout_rooms, nemelex_xobeh_ov_fountains_minmay,
          minmay_temple_entry_crystal_x
D:7:      layout_basic, marbit_many_paths, uniq_harold
Temple:   minmay_crystal_spiral_temple

Skill      XL: |  1  2  3  4  5  6  7  8 |
---------------+-------------------------+-----
Axes           | 3 4 5 6 7 8 |  8.2
Fighting       | 4 5 6 |  6.6
Armour         | 4 5 6 |  6.6
Shields        | 4 5 6 |  6.5

Action                   |  1- 3 |  4- 6 |  7- 9 || total
-------------------------+-------+-------+-------++-------
Melee: War axe           |    73 |    95 |   121 ||   289
       Headbutt          |     4 |    23 |    23 ||    50
  Use: Potion            |     2 |       |     1 ||     3
       Scroll            |       |       |    17 ||    17
  Eat: Chunk             |     1 |     5 |     3 ||     9
       Ration            |       |       |     1 ||     1
Armor: Scale mail        |    35 |    16 |       ||    51
       Chain mail        |       |    16 |    74 ||    90
Dodge: Dodged            |    25 |    15 |    29 ||    69
Block: Kite shield       |    30 |    42 |    69 ||   141

Table legend:
 A = Non-vault XP
 B = Vault XP
 C = Vault XP percentage of total XP
 D = Non-vault monster count
 E = Vault monster count
 F = Vault count percentage of total count
                 A         B        C        D         E       F
            +---------+---------+-------+---------+---------+-------
      Total |    1657 |     331 |  16.6 |     101 |       2 |   1.9
            +---------+---------+-------+---------+---------+-------
        D:1 |      25 |       0 |   0.0 |      16 |       0 |   0.0
        D:2 |     184 |       0 |   0.0 |      23 |       0 |   0.0
        D:3 |      55 |       0 |   0.0 |      14 |       0 |   0.0
        D:4 |     503 |      36 |   6.7 |      17 |       1 |   5.6
        D:5 |     606 |     295 |  32.7 |      26 |       1 |   3.7
        D:6 |      76 |       0 |   0.0 |       2 |       0 |   0.0
        D:7 |     208 |       0 |   0.0 |       3 |       0 |   0.0
            +---------+---------+-------+---------+---------+-------
